 Dungeon Crawl Stone Soup version 0.31.0-32-g396128a36d (webtiles) character file.

Game seed: 17140777081282664922

153403 Minsecho the Severer (level 18, -10/155 HPs)
             Began as a Formicid Fighter on Mar 12, 2024.
             Was the Champion of Lugonu.
             Mangled by a naga warrior
             ... wielding a +0 halberd
              (38 damage)
             ... on level 3 of the Snake Pit.
             The game lasted 01:17:55 (28437 turns).

Minsecho the Severer (Formicid Fighter)            Turns: 28437, Time: 01:17:55

Health: -10/155    AC: 20    Str: 28    XL:     18   Next: 23%
Magic:  23/29      EV: 14    Int:  9    God:    Lugonu [******]
Gold:   756        SH: 22    Dex: 13    Spells: 17/17 levels left

rFire   + + .        U - +9 executioner's axe (distort)
rCold   + . .        D - +1 tower shield {rC+}
rNeg    . . .        N - +0 swamp dragon scales
rPois   +            (helmet unavailable)
rElec   .            s - +0 cloak {rPois}
rCorr   .            W - +1 pair of gloves "Yjirypt" {Rampage rF+ Stlth+}
SInv    +            H - +2 pair of boots
Will    +....        t - amulet of the acrobat
Stlth   ++++         o - +5 ring of evasion
HPRegen 0.45/turn    Z - ring of protection from fire
MPRegen 0.21/turn

%: acrobat, rampage
@: lethally poisoned (-10 -> -13), constricted, studying Invocations
A: permanent stasis, dig shafts and tunnels, antennae 3, four strong arms, large
bone plates 1, mutation resistance 1
a: Dig, Shaft Self, Renounce Religion, Depart the Abyss, Banish, Corrupt, Enter
the Abyss


You were on level 3 of the Snake Pit.
You worshipped Lugonu.
Lugonu was exalted by your worship.
You visited 4 branches of the dungeon, and saw 25 of its levels.
You visited the Abyss 1 time.
You also visited: Bailey and Ice Cave.

You collected 2720 gold pieces.
You spent 1964 gold pieces at shops.

Inventory:

Hand Weapons
 x - the +7 great mace "Undeadhunter" {deathbane, rN+}
   (You found it in an ice cave)

   rN+:       It protects you from negative energy.
 A - a +1 battleaxe of freezing
 U - a +9 executioner's axe of distortion (weapon)
Missiles
 a - 26 boomerangs (quivered)
 J - 4 darts of dispersal
 M - 5 silver javelins
 P - 7 javelins
 T - 5 throwing nets
 V - 15 curare-tipped darts
 Y - 8 datura-tipped darts
Armour
 s - a +0 cloak of poison resistance (worn)
 D - a +1 tower shield of cold resistance (worn)
 H - a +2 pair of boots (worn)
 N - +0 swamp dragon scales (worn)
 W - the +1 pair of gloves "Yjirypt" (worn) {Rampage rF+ Stlth+}
   (Okawaru gifted it to you on level 12 of the Dungeon)

   rF+:       It protects you from fire.
   Rampage:   It bestows one free step when moving towards enemies.
   Stlth+:    It makes you more stealthy.
Jewellery
 b - a ring of protection from cold
 o - a +5 ring of evasion (left hand)
 t - an amulet of the acrobat (around neck)
 B - a ring of willpower
 Q - a ring of positive energy
 R - a +4 ring of protection
 S - a +6 ring of strength
 X - a +5 ring of evasion
 Z - a ring of protection from fire (right hand)
Wands
 k - a wand of digging (7)
 v - a wand of iceblast (34)
 w - a wand of polymorph (36)
 y - a wand of mindburst (9)
 C - a wand of flame (75)
 I - a wand of light (15)
 O - a wand of paralysis (42)
Scrolls
 c - 2 scrolls of butterflies
 f - 2 scrolls of poison
 h - a scroll of silence
 i - 2 scrolls of revelation
 l - 4 scrolls of fog
 z - 2 scrolls of fear
 E - 2 scrolls of immolation
 F - 3 scrolls of enchant armour
Potions
 d - 6 potions of might
 e - 2 potions of ambrosia
 g - 5 potions of enlightenment
 j - 12 potions of curing
 n - 2 potions of brilliance
 p - 10 potions of heal wounds
 q - 3 potions of attraction
 r - 2 potions of resistance
 u - 4 potions of lignification
 G - 4 potions of magic
 K - 3 potions of cancellation
 L - 2 potions of invisibility
Miscellaneous
 m - a phial of floods


   Skills:
 * Level 17.2 Fighting
 + Level 18.7(19.9) Axes
 + Level 11.9(16.6) Maces & Flails
 * Level 7.8 Throwing
 * Level 15.4 Armour
 + Level 5.5 Dodging
 + Level 6.3 Stealth
 * Level 12.4 Shields
 + Level 0.2 Unarmed Combat
 * Level 15.7 Invocations
 + Level 1.7 Evocations


You had 17 spell levels left.
You didn't know any spells.
Your spell library contained the following spells:

 Spells                   Type           Power      Damage    Failure   Level
 Apportation              Tloc           0%         N/A       80%         1
 Necrotise                Necr           0%         1d4       80%         1
 Sandblast                Erth           0%         2d4       80%         1
 Slow                     Hex            0%         N/A       80%         1
 Sting                    Conj/Alch      0%         1d3       80%         1
 Summon Small Mammal      Summ           0%         N/A       80%         1
 Call Imp                 Summ           0%         N/A       90%         2
 Jinxbite                 Hex            0%         N/A       90%         2
 Sublimation of Blood     Necr           0%         N/A       90%         2
 Confusing Touch          Hex            0%         N/A       99%         3
 Fugue of the Fallen      Necr           0%         N/A       99%         3
 Ozocubu's Armour         Ice            0%         N/A       99%         3
 Passwall                 Erth           0%         N/A       99%         3
 Sigil of Binding         Hex            0%         N/A       99%         3
 Stone Arrow              Conj/Erth      0%         3d7       99%         3
 Vampiric Draining        Necr           0%         2d6       99%         3
 Brom's Barrelling Bould  Conj/Erth      0%         2d3       100%        4
 Cause Fear               Hex            0%         N/A       100%        4
 Leda's Liquefaction      Alch/Erth      0%         N/A       100%        4
 Manifold Assault         Tloc           0%         N/A       100%        4
 Olgreb's Toxic Radiance  Alch           0%         N/A       100%        4
 Passage of Golubria      Tloc           0%         N/A       100%        4
 Summon Blazeheart Golem  Fire/Summ      0%         N/A       100%        4
 Fireball                 Conj/Fire      0%         3d3       100%        5
 Lee's Rapid Deconstruct  Erth           0%         3d4*      100%        5
 Silence                  Hex/Air        0%         N/A       100%        5
 Yara's Violent Unravell  Hex/Alch       0%         3d3       100%        5
 Bombard                  Conj/Erth      0%         9d1       100%        6
 Enfeeble                 Hex            0%         N/A       100%        7
 Malign Gateway           Summ/Tloc      0%         N/A       100%        7
 Orb of Destruction       Conj           0%         9d5       100%        7
 Ozocubu's Refrigeration  Ice            0%         4d7       100%        7
 Spellforged Servitor     Conj/Summ      0%         N/A       100%        7
 Summon Hydra             Summ           0%         N/A       100%        7
 Discord                  Hex            0%         N/A       100%        8
 Lehudib's Crystal Spear  Conj/Erth      0%         10d2      100%        8
 Summon Horrible Things   Summ           0%         N/A       100%        8
 Chain Lightning          Conj/Air       0%         N/A       100%        9
 Dragon's Call            Summ           0%         N/A       100%        9
 Fire Storm               Conj/Fire      0%         5d1       100%        9
 Shatter                  Erth           0%         3d5*      100%        9


Dungeon Overview and Level Annotations

Branches:
Dungeon (15/15)            Temple (0/1) D:6            Lair (5/5) D:11
 Shoals (0/4) Lair:3        Snake (3/4) Lair:2        Slime (0/5) Lair:4
    Orc (2/2) D:9             Elf (0/3) Orc:2        Vaults (0/5) D:13
 Depths (0/4) D:15         Bailey (visited)           IceCv (visited)

Altars:
Ashenzari
Cheibriados
Dithmenos
Elyvilon
Gozag
Kikubaaqudgha
Makhleb
Nemelex Xobeh
Okawaru
Sif Muna
Trog
Uskayaw
Wu Jian
Yredelemnul
Jiyva

Shops:
D:2 :   D:4 [   D:7 !   Orc:1 ?   Orc:2 =*![   Snake:2 ?*[

Portals:
Abyss: Lair:1

Annotations:
Snake:3 corrupted


Innate Abilities, Weirdness & Mutations

You cannot be hasted, slowed, berserked, paralysed or teleported.
You can dig through walls and to a lower floor.
You have a pair of large antennae on your head. (SInv)
Your four strong arms can wield two-handed weapons with a shield.
You are partially covered in large bone plates. (SH +4)
You are somewhat resistant to further mutation.


Message History

The hellwing hits something but does no damage.
The raiju barely misses the naga sharpshooter.
The starspawn tentacle grabs the naga warrior.
The starspawn tentacle constricts the naga warrior.
The large abomination hits the naga!
The great orb of eyes barely misses you.
You block the tentacled starspawn's attack.
The tentacled starspawn tentacle-slaps you!
* * * LOW HITPOINT WARNING * * *
The large abomination hits the guardian serpent.
The guardian serpent dies!
The tentacled starspawn bites the naga!!
The naga dies!
Tentacles burst from the starspawn's body!
The ynoxinul barely misses the naga.
The naga sharpshooter casts a spell.
The naga sharpshooter magically shoots an arrow.
You block the arrow.
The starspawn tentacle grabs the naga warrior.
The starspawn tentacle constricts the naga warrior.
The naga warrior misses you. The naga warrior grabs you.
The naga warrior constricts you.
* * * LOW HITPOINT WARNING * * *
The starspawn tentacle moves out of view. 2 starspawn tentacles come into view.
Unknown command.
Unknown command.
Unknown command.
The naga warrior's grasp on you weakens, but your attempt to escape fails.
You feel sick.
The laughing skull headbutts the naga sharpshooter.
The thrashing horror barely misses something. x2
The small abomination hits the salamander but does no damage.
The small abomination closely misses the naga sharpshooter.
Something hits the naga.
The naga sharpshooter shoots an arrow.
The arrow hits the starspawn tentacle but does no damage.
The worldbinder hits the naga warrior but does no damage.
The naga warrior blocks the worldbinder's attack.
The naga warrior hits you from afar with a +0 halberd!!!
You die...

.#.. ... { {#w.{
... {{{{X.{,..2..
# #Zw#{#.xu.#
#.,####xN4x.hN..
#x.##.†N#NXX.zN..
#..x)Xw@wNNX..N..
...XXXGX#N#3..#3.
..#h#5#3t{x#{{5..
#..#..kw──5....
..# ##JxX#h....
..... .#5#x,..#.
...#. #.x#.h..#
...#.####..# ..
....>......#.##.


You could see 2 naga warriors, 3 naga sharpshooters, a salamander (strong,
distracted), 2 nagas, a neutral starcursed mass (summoned, distracted), a
neutral white very ugly thing (summoned, distracted), 4 neutral tentacled
starspawn, a neutral death drake (summoned, distracted), a neutral green death
(summoned, distracted), a neutral great orb of eyes (summoned, distracted), a
neutral thrashing horror (summoned), 4 neutral large abominations, a neutral
apocalypse crab (summoned, distracted), a neutral hellwing (summoned,
distracted), a neutral worldbinder (summoned, distracted), a neutral smoke demon
(summoned, distracted), 4 neutral raiju, a neutral ynoxinul (summoned,
distracted), 8 neutral small abominations, a neutral laughing skull (summoned,
distracted), 5 neutral starspawn tentacles, a neutral jelly (summoned,
distracted), 2 neutral iron imps, a neutral quasit (summoned, distracted) and a
neutral white imp (summoned, distracted).

Vanquished Creatures
  Jorgrun (Orc:1)
  A titan (D:12)
  Roxanne (Snake:1)
  Kirke (D:14)
  2 fire giants
  An orc warlord (D:12)
  2 frost giants
  Louise (D:14)
  A stone giant (D:15)
  Nessos (Lair:4)
  The ghost of MuppetCentipede the Warrior, a journeyman MiMo of Okawaru (Lair:1)
  The ghost of michknight7 the Bludgeoner, a journeyman MiBe of Trog (Lair:2)
  The ghost of seawaffle the Fighter, a journeyman DsBe of Trog (Lair:2)
  The ghost of seawaffle the Mimic, a journeyman DsSh of Cheibriados (Lair:2)
  A merfolk impaler (D:10)
  Josephine (D:15)
  A fire dragon (D:14)
  4 hydras
  Harold (Lair:2)
  2 rakshasas (Lair:1)
  An ogre mage (D:13)
  8 centaur warriors
  Erica (D:9)
  14 naga warriors
  5 anacondas
  4 catoblepae
  8 death yaks
  4 boulder beetles
  6 two-headed ogres
  3 tengu warriors (D:15)
  3 naga sharpshooters (Snake:2)
  4 orc high priests (Orc:2)
  The ghost of cdecastro the Basher, a novice AtWr of Fedhas (D:9)
  Urug (D:11)
  Amaemon (Lair:3)
  3 shock serpents
  A spriggan (Lair:1)
  A deep elf knight (D:13)
  An occultist (D:15)
  A salamander mystic (Lair:4)
  8 skeletal warriors
  A naga ritualist (Snake:1)
  2 sea snakes (Snake:2)
  A deep elf archer (D:10)
  8 mana vipers
  2 lindwurms (Lair:5)
  4 ugly things
  7 orc knights
  5 deep elf pyromancers
  2 wolf spider zombies (D:14)
  A deep elf zephyrmancer (D:13)
  5 manticores
  6 orc sorcerers
  A guardian serpent (Snake:1)
  5 cyclopes
  Maurice (D:7)
  3 salamanders
  17 black mambas
  5 centaur zombies (D:14)
  4 kobold blastminers
  2 torpor snails
  9 naga magi
  3 gargoyles
  An unseen horror (D:12)
  An ice statue (IceCv)
  An orange demon (Lair:3)
  8 cane toads
  Maggie (D:6)
  8 yaktaurs
  3 rime drakes
  6 komodo dragons
  6 kobold demonologists
  12 polar bears
  2 merfolk
  A queen bee (D:11)
  6 trolls
  A troll (shapeshifter) (D:14)
  Grinder (D:5)
  2 hornets
  3 dream sheep (Lair:2)
  27 blink frogs
  16 slime creatures
  A centaur simulacrum (D:14)
  7 wyverns
  94 yaks
  9 wraiths
  A shadow (D:11)
  A hog (D:14)
  A basilisk (Lair:2)
  3 vampire mosquitoes (D:12)
  11 steam dragons
  A warg (Orc:2)
  An acid dragon (D:11)
  20 water moccasins
  28 nagas
  A water moccasin (shapeshifter) (D:15)
  42 orc warriors
  2 sky beasts (D:7)
  An ice beast (D:6)
  5 black bears
  2 laughing skulls (D:15)
  14 centaurs
  21 wolves
  11 ogres
  2 phantoms
  13 kobold brigands
  Blork the orc (D:5)
  12 bullfrogs
  A scorpion (D:5)
  15 wights
  10 killer bees
  6 howler monkeys
  9 jellies
  A hound (D:6)
  A bombardier beetle (D:6)
  22 orc priests
  Ijyb (D:4)
  3 gnoll boudas
  An iguana (D:7)
  A boggart zombie (D:14)
  29 orc wizards
  7 hell rats (Lair:5)
  Robin (D:4)
  6 gnolls
  11 adders
  6 river rats
  A shadow imp (D:7)
  12 white imps (Lair:4)
  A dart slug (D:3)
  3 ribbon worms
  105 orcs
  5 ball pythons
  A bat (D:1)
  10 endoplasms
  6 giant cockroaches
  5 goblins
  8 hobgoblins
  7 jackals (D:2)
  19 kobolds
  5 quokkas
  A frilled lizard (D:2)
  7 rats
937 creatures vanquished.

Vanquished Creatures (others)
  A naga warrior (Snake:3)
  A guardian serpent (Snake:3)
  A naga mage (Snake:3)
  2 nagas (Snake:3)
  An orc priest (Orc:2)
  2 foxfires (Snake:3)
8 creatures vanquished.

Grand Total: 945 creatures vanquished

Notes
Turn   | Place    | Note
-------+----------+-------------------------------------------
     0 | D:1      | Minsecho the Formicid Fighter began the quest for the Orb.
     0 | D:1      | Reached XP level 1. HP: 18/18 MP: 1/1
   297 | D:1      | Reached XP level 2. HP: 24/24 MP: 2/2
   586 | D:3      | Reached XP level 3. HP: 17/30 MP: 3/3
   679 | D:2      | Reached XP level 4. HP: 37/37 MP: 4/4
   688 | D:2      | Found a faded altar of an unknown god.
   813 | D:2      | Found Bukexaiz's Vocational Training.
   865 | D:2      | Reached skill level 3 in Axes
  1146 | D:2      | Reached XP level 5. HP: 42/42 MP: 5/5
  1375 | D:3      | Found an iron altar of Okawaru.
  1385 | D:3      | Became a worshipper of Warmaster Okawaru
  1479 | D:3      | Found a hide-covered altar of Uskayaw.
  1985 | D:4      | Found Ymytig's Antique Armour Emporium.
  2021 | D:4      | Reached skill level 4 in Axes
  2184 | D:4      | Noticed Ijyb
  2217 | D:4      | Killed Ijyb
  2218 | D:4      | Reached XP level 6. HP: 42/48 MP: 6/6
  2231 | D:4      | Noticed Robin
  2241 | D:4      | Killed Robin
  2476 | D:3      | Reached skill level 1 in Dodging
  2493 | D:4      | Reached skill level 5 in Shields
  2706 | D:4      | Reached skill level 5 in Axes
  3021 | D:5      | Entered Level 5 of the Dungeon
  3021 | D:5      | Noticed a black bear
  3049 | D:5      | Noticed an ogre
  3055 | D:5      | Killed an ogre
  3055 | D:5      | Reached * piety under Okawaru
  3056 | D:5      | Reached XP level 7. HP: 54/54 MP: 7/7
  3089 | D:5      | Found a bloodstained altar of Trog.
  3143 | D:5      | Reached skill level 1 in Invocations
  3289 | D:5      | Reached skill level 6 in Axes
  3354 | D:5      | Reached XP level 8. HP: 50/61 MP: 9/9
  3426 | D:5      | Found a snail-covered altar of Cheibriados.
  3427 | D:5      | Found an opulent altar of Gozag.
  3432 | D:5      | Noticed Grinder
  3445 | D:5      | Reached skill level 5 in Armour
  3454 | D:5      | Killed Grinder
  3455 | D:5      | Reached skill level 5 in Fighting
  3634 | D:5      | Found an ornate altar of the Wu Jian Council.
  3731 | D:5      | Reached ** piety under Okawaru
  3732 | D:5      | Reached skill level 7 in Axes
  3862 | D:5      | Noticed Blork the orc
  3890 | D:5      | Killed Blork the orc
  4025 | D:5      | Found a shadowy altar of Dithmenos.
  4054 | D:6      | Found a burning altar of Makhleb.
  4060 | D:6      | Reached XP level 9. HP: 68/68 MP: 11/11
  4112 | D:6      | Reached skill level 1 in Maces & Flails
  4112 | D:6      | Reached skill level 1 in Evocations
  4141 | D:6      | Reached skill level 1 in Stealth
  4249 | D:6      | Noticed Maggie
  4258 | D:6      | Killed Maggie
  4393 | D:6      | Found a white marble altar of Elyvilon.
  4616 | D:6      | Found a staircase to the Ecumenical Temple.
  4647 | D:6      | Reached skill level 5 in Invocations
  5004 | D:7      | Reached *** piety under Okawaru
  5042 | D:7      | Noticed Maurice
  5055 | D:7      | Killed Maurice
  5056 | D:7      | Reached skill level 5 in Maces & Flails
  5096 | D:7      | Found a broken altar of Ashenzari.
  5130 | D:7      | Found Joonag's Distillery.
  5173 | D:7      | Reached XP level 10. HP: 66/76 MP: 14/14
  5266 | D:7      | Reached **** piety under Okawaru
  5661 | D:7      | Reached ***** piety under Okawaru
  6117 | D:8      | Found a flagged portal.
  6126 | Bailey   | Entered a bailey
  6491 | Bailey   | Noticed an orc knight
  6495 | Bailey   | Killed an orc knight
  6496 | Bailey   | Reached XP level 11. HP: 72/83 MP: 14/16
  7016 | D:8      | Noticed a cyan ugly thing
  7030 | D:8      | Killed a cyan ugly thing
  7042 | D:8      | Received a gift from Okawaru
  7754 | D:9      | Identified the +1 sling of the Eight Teeth {heavy, Str+3}
  7774 | D:9      | Noticed Erica
  7790 | D:9      | Killed Erica
  7791 | D:9      | Reached skill level 10 in Maces & Flails
  8021 | D:9      | Found a runed translucent gate.
  8021 | D:9      | Noticed cdecastro's ghost (novice AtWr)
  8022 | D:9      | Found a runed translucent gate.
  8023 | D:9      | Found a runed translucent gate.
  8318 | D:9      | Found a staircase to the Orcish Mines.
  8325 | D:9      | Received a gift from Okawaru
  8564 | D:10     | Entered Level 10 of the Dungeon
  8619 | D:10     | Found a shimmering blue altar of Sif Muna.
  8807 | D:10     | Noticed a cyclops
  8813 | D:10     | Reached XP level 12. HP: 82/96 MP: 17/17
  8916 | D:10     | Found an ancient bone altar of Kikubaaqudgha.
  8983 | D:10     | Found a sparkling altar of Nemelex Xobeh.
  9149 | D:10     | Found a basalt altar of Yredelemnul.
  9443 | D:11     | Noticed a centaur warrior
  9448 | D:11     | Killed a centaur warrior
  9449 | D:11     | Reached skill level 10 in Fighting
  9575 | D:11     | Found a staircase to the Lair.
  9733 | D:11     | Noticed a two-headed ogre
  9742 | D:11     | Killed a two-headed ogre
  9742 | D:11     | Received a gift from Okawaru
  9844 | D:11     | Noticed a two-headed ogre
  9853 | D:11     | Killed a two-headed ogre
  9950 | D:11     | Noticed Urug
  9969 | D:11     | Killed Urug
 10173 | D:11     | Reached ****** piety under Okawaru
 10213 | D:12     | Acquired a +4 executioner's axe of flaming
 10213 | D:12     | Received a gift from Okawaru
 10249 | D:12     | Noticed a skeletal warrior
 10250 | D:12     | Noticed a skeletal warrior
 10271 | D:12     | Killed a skeletal warrior
 10272 | D:12     | Reached skill level 1 in Throwing
 10389 | D:12     | Noticed a skeletal warrior
 10398 | D:12     | Killed a skeletal warrior
 10398 | D:12     | Received a gift from Okawaru
 10405 | D:12     | Killed a skeletal warrior
 10410 | D:12     | Acquired the +1 pair of gloves "Yjirypt" {Rampage rF+
                  | Stlth+}
 10410 | D:12     | Received a gift from Okawaru
 10503 | D:12     | Noticed a skeletal warrior
 10505 | D:12     | Noticed a skeletal warrior
 10509 | D:12     | Killed a skeletal warrior
 10513 | D:12     | Killed a skeletal warrior
 10514 | D:12     | Reached skill level 8 in Axes
 10668 | D:12     | Reached XP level 13. HP: 107/107 MP: 19/19
 10793 | D:12     | Reached skill level 9 in Axes
 10793 | D:12     | Reached skill level 10 in Armour
 10840 | D:12     | Identified the +6 long sword "Adinafank" {drain, rElec rF+
                  | SInv Stlth+}
 11006 | D:12     | Reached skill level 10 in Axes
 11006 | D:12     | Received a gift from Okawaru
 11273 | D:12     | Reached skill level 11 in Axes
 11724 | D:13     | Noticed a centaur warrior
 11725 | D:13     | Noticed an eight-headed hydra
 11728 | D:13     | Killed a centaur warrior
 11729 | D:13     | Reached skill level 12 in Axes
 11729 | D:13     | Killed a six-headed hydra
 11772 | D:13     | Received a gift from Okawaru
 11932 | D:13     | Noticed a centaur warrior
 11935 | D:13     | Killed a centaur warrior
 11992 | D:13     | Noticed an ogre mage
 11998 | D:13     | Killed an ogre mage
 11999 | D:13     | Reached skill level 13 in Axes
 12027 | D:13     | Received a gift from Okawaru
 12027 | D:13     | Noticed an eight-headed hydra
 12029 | D:13     | Reached skill level 14 in Axes
 12032 | D:13     | Killed a five-headed hydra
 12033 | D:13     | Reached XP level 14. HP: 92/118 MP: 21/21
 12260 | D:13     | Found a gate to the Vaults.
 12908 | Lair:1   | Entered Level 1 of the Lair of Beasts
 12920 | Lair:1   | Found a transporter.
 12927 | Lair:1   | Reached skill level 10 in Invocations
 12932 | Lair:1   | Received a gift from Okawaru
 12934 | Lair:1   | Reached skill level 15 in Axes
 13280 | Lair:1   | Found a transporter.
 13302 | Lair:1   | Found a one-way gate to the infinite horrors of the Abyss.
 13302 | Lair:1   | Noticed MuppetCentipede's ghost (journeyman MiMo)
 13992 | Lair:1   | Killed MuppetCentipede's ghost
 13995 | Lair:1   | Reached skill level 16 in Axes
 14006 | Abyss:2  | Cast into level 2 of the Abyss (spriggan rider)
 14118 | Abyss:2  | Noticed a lich
 14123 | Abyss:2  | Found a corrupted altar of Lugonu.
 14128 | Abyss:2  | Fell from the grace of Okawaru
 14128 | Abyss:2  | Became a worshipper of Lugonu the Unformed
 14128 | Abyss:2  | Reached * piety under Lugonu
 14128 | Abyss:2  | Reached ** piety under Lugonu
 14129 | Lair:1   | Escaped the Abyss
 14451 | Lair:1   | Identified the maw talisman "Roote" {*Corrode rPois rN+
                  | Dex+6}
 14698 | Lair:2   | Noticed Harold
 14717 | Lair:2   | Killed Harold
 14819 | Lair:2   | Gained mutation: You are partially covered in large bone
                  | plates. (SH +4) [potion of mutation]
 14819 | Lair:2   | Gained mutation: You are somewhat resistant to further
                  | mutation. [potion of mutation]
 15082 | Lair:2   | Found a staircase to the Snake Pit.
 15199 | Lair:2   | Banished a stone giant
 15199 | Lair:2   | Banished a frost giant
 15256 | Lair:2   | Found a runed translucent gate.
 15261 | Lair:2   | Found a runed translucent gate.
 15261 | Lair:2   | Found a runed translucent gate.
 15265 | Lair:2   | Noticed michknight7's ghost (journeyman MiBe)
 15265 | Lair:2   | Noticed seawaffle's ghost (journeyman DsBe)
 15265 | Lair:2   | Noticed seawaffle's ghost (journeyman DsSh)
 15361 | D:10     | Banished a fire giant
 15362 | D:10     | Noticed a frost giant
 15372 | D:10     | Killed a frost giant
 15685 | D:9      | Banished a fire giant
 15686 | D:9      | Noticed a fire giant
 15871 | D:7      | Bought 2 potions of heal wounds for 120 gold pieces
 15871 | D:7      | Bought a potion of heal wounds for 60 gold pieces
 15871 | D:7      | Bought a potion of ambrosia for 96 gold pieces
 15981 | D:2      | Bought a manual of Invocations for 880 gold pieces
 16780 | Lair:3   | Noticed Amaemon
 16794 | Lair:3   | Killed Amaemon
 16844 | Lair:3   | Reached skill level 15 in Fighting
 16888 | Lair:3   | Banished an orc warlord
 16925 | Lair:3   | Reached XP level 15. HP: 122/129 MP: 23/23
 16977 | Lair:3   | Reached *** piety under Lugonu
 17050 | Lair:3   | Found a staircase to the Shoals.
 17399 | Lair:3   | Banished an orc warlord
 17399 | Lair:3   | Banished a deep elf blademaster
 17560 | Lair:4   | Found a frozen archway.
 17605 | IceCv    | Entered an ice cave
 17704 | IceCv    | Reached **** piety under Lugonu
 17826 | IceCv    | Found the +7 great mace "Undeadhunter" {deathbane, rN+}
 17842 | IceCv    | Reached skill level 5 in Stealth
 17947 | IceCv    | Identified the +0 helmet "Hiywuk" {rC+}
 18014 | IceCv    | Noticed a frost giant
 18116 | IceCv    | Killed a frost giant
 18366 | IceCv    | Identified the +2 morningstar of Exoneration {flame, *Noise
                  | MP-9 Int+2 Dex+4}
 18689 | IceCv    | Banished a deep elf master archer
 18689 | IceCv    | Banished a fire giant
 18690 | IceCv    | Noticed a frost giant
 18890 | Lair:4   | Found a staircase to the Slime Pits.
 18891 | Lair:4   | Found a viscous altar of Jiyva.
 18893 | Lair:4   | Noticed Nessos
 18905 | Lair:4   | Reached ***** piety under Lugonu
 18926 | Lair:4   | Killed Nessos
 19274 | Lair:4   | Reached skill level 17 in Axes
 19467 | Lair:4   | Banished a frost giant
 19467 | Lair:4   | Banished a frost giant
 19792 | Lair:5   | Entered Level 5 of the Lair of Beasts
 20008 | Lair:5   | Reached XP level 16. HP: 138/138 MP: 25/25
 20636 | Lair:5   | Reached skill level 5 in Throwing
 20841 | Lair:5   | Banished a frost giant
 20841 | Lair:5   | Banished a frost giant
 20841 | Lair:5   | Banished a deep elf blademaster
 21065 | D:12     | Banished a fire giant
 21066 | D:12     | Noticed a fire giant
 21069 | D:12     | Killed a fire giant
 21120 | D:12     | Banished a deep elf master archer
 21121 | D:12     | Noticed a titan
 21126 | D:12     | Killed a titan
 21294 | D:14     | Noticed Louise
 21307 | D:14     | Killed Louise
 21335 | D:14     | Banished a deep elf blademaster
 21335 | D:14     | Banished a frost giant
 21335 | D:14     | Was forgiven by Okawaru
 21349 | D:14     | Reached skill level 5 in Dodging
 22072 | D:14     | Noticed Kirke
 22083 | D:14     | Killed Kirke
 22201 | D:14     | Reached skill level 10 in Shields
 22509 | D:15     | Entered Level 15 of the Dungeon
 22794 | D:15     | Noticed Josephine
 22806 | D:15     | Killed Josephine
 23304 | D:15     | Found a staircase to the Depths.
 23552 | D:9      | Killed a fire giant
 23661 | D:9      | Killed cdecastro's ghost
 23662 | D:9      | Reached ****** piety under Lugonu
 23848 | Lair:2   | Killed michknight7's ghost
 23849 | Lair:2   | Reached skill level 18 in Axes
 23854 | Lair:2   | Killed seawaffle's ghost
 23855 | Lair:2   | Reached XP level 17. HP: 62/145 MP: 27/27
 23858 | Lair:2   | Killed seawaffle's ghost
 24226 | Orc:1    | Entered Level 1 of the Orcish Mines
 24350 | Orc:1    | Found Siak's Magic Scroll Shoppe.
 24353 | Orc:1    | Noticed Jorgrun
 24362 | Orc:1    | Killed Jorgrun
 24796 | Orc:2    | Entered Level 2 of the Orcish Mines
 25146 | Orc:2    | Found a staircase to the Elven Halls.
 25652 | Orc:2    | Found Ponaprups's Jewellery Boutique.
 25652 | Orc:2    | Found Huhum's Armour Emporium.
 25654 | Orc:2    | Found Yphe Oduge's Assorted Antiques.
 25654 | Orc:2    | Found Amaj's Distillery.
 25663 | Orc:2    | Bought a potion of heal wounds for 95 gold pieces
 25663 | Orc:2    | Bought a scroll of fear for 76 gold pieces
 25670 | Orc:2    | Bought a potion of heal wounds for 75 gold pieces
 25670 | Orc:2    | Bought a potion of heal wounds for 75 gold pieces
 25670 | Orc:2    | Bought a potion of curing for 45 gold pieces
 25670 | Orc:2    | Bought a potion of curing for 45 gold pieces
 25670 | Orc:2    | Bought a potion of resistance for 150 gold pieces
 25995 | Snake:1  | Entered Level 1 of the Snake Pit
 25996 | Snake:1  | Identified a +9 executioner's axe of distortion (a +9
                  | executioner's axe of flaming corrupted by Lugonu)
 25996 | Snake:1  | Received a gift from Lugonu
 26301 | Snake:1  | Reached skill level 15 in Armour
 26332 | Snake:1  | Reached skill level 15 in Invocations
 27052 | Snake:1  | Noticed Roxanne
 27186 | Snake:1  | Killed Roxanne
 27504 | Snake:2  | Found Meoteh's Antique Armour Boutique.
 27504 | Snake:2  | Found Zygoc's Assorted Antiques.
 27505 | Snake:2  | Found Zirpho Binioc's Magic Scroll Boutique.
 27515 | Snake:2  | Bought a pair of embroidered boots for 247 gold pieces
 27621 | Snake:2  | Reached XP level 18. HP: 154/154 MP: 29/29
 28433 | Snake:3  | Corrupted Snake:3
 28437 | Snake:3  | Mangled by a naga warrior

Illustrated notes

Levels and vault maps discovered:
D:1:      orjb1_clovarrival, layout_loops_cross
D:2:      layout_basic, hellmonk_ecumenical_altar_crossroads,
          nicolae_shop_vocational
D:3:      layout_loops_ring, mainiacjoe_overflow_cross_hatched,
          lemuel_coloured_pillars_altar
D:4:      layout_basic, serial_shops, nicolae_shop_real_fake_doors,
          grunt_ministairs_2, chequers_garden, nicolae_goblin_pals
D:5:      layout_rooms, mainiacjoe_overflow_divided_tiny,
          mainiacjoe_overflow_paths, minitemple, uniq_ijyb, uniq_blork_the_orc,
          uniq_grinder
D:6:      layout_loops_ring, mainiacjoe_overflow_concentric_impassable,
          mainiacjoe_overflow_six_doors_small, minmay_temple_entry_ruins,
          grunt_decor_clamped, uniq_maggie
D:7:      minmay_polygon_palace, layout_rooms, general_overflow_altar,
          serial_shops, nicolae_take_the_stairs, uniq_maurice
D:8:      layout_loops_corners, enter_bailey_2, minmay_manual_moon
D:9:      minmay_flawed_box, layout_basic, david_orc_5,
          gammafunk_ghost_nasty_kobolds, uniq_erica
D:10:     layout_loops_cross, old_standard_altar, lemuel_tele_altar,
          nemelex_diamond_rough_becter, lemuel_doored_altar
D:11:     layout_roguey, lair_entry_dummy, nicolae_looking_at_the_future,
          uniq_urug
D:12:     layout_irregular_city, hex_medium
D:13:     layout_loops_ring, hangedman_vaults_entry_quadrant_bands
D:14:     layout_loops_corners, chequers_serial_rivers_marsh, serial_undead,
          serial_undead_e, serial_undead_d, serial_undead_b, serial_undead_b,
          uniq_kirke, uniq_louise
D:15:     grunt_enter_depths_snipers, layout_long_grid,
          chequers_serial_rivers_micro_e, uniq_josephine
Lair:1:   layout_cave_pods, gammafunk_ghost_abyssal_escape, grunt_megastairs_3
Lair:2:   layout_small_grid, nicolae_snake_entry_squirm,
          gammafunk_ghost_cemetery, serial_bayou_shore_b, uniq_harold
Lair:3:   layout_hall_layers, shoals_dummy_entry, bobbens_dragon_lair_wall,
          uniq_amaemon
Lair:4:   layout_gridlike, nicolae_slime_entry_slimehenge,
          portal_ice_cave_entry_imps, uniq_nessos
Lair:5:   evilmike_catoblepas_cave, layout_hall_layers,
          kennysheep_abandoned_house
Snake:1:  layout_concentric_octagons, nicolae_snake_snakes_in_the_grass,
          uniq_roxanne
Snake:2:  layout_rooms, serial_library_hellmonk_h_bend,
          nicolae_wooded_promenade, drop_trap, nicolae_snake_gridmaze_zigzag,
          serial_bayou_pond_d, nicolae_fountain_basement
Snake:3:  layout_gridlike, serial_library_hellmonk_open_cross,
          serial_bayou_shore_b, grunt_megastairs_2
Orc:1:    layout_caves, serial_shops, shop, uniq_jorgrun
Orc:2:    grunt_orc_tribal_feast, layout_caves

Skill      XL: |  1  2  3  4  5  6  7  8  9 10 11 12 13 14 15 16 17 |
---------------+----------------------------------------------------+-----
Armour         | 4 5 8 9 11 12 14 15 | 15.4
Axes           | 3 4 5 6 7 8 14 16 17 18 | 18.7
Fighting       | 4 5 6 9 11 13 15 16 17 | 17.2
Dodging        | 1 2 3 4 5 |  5.5
Shields        | 5 6 7 8 10 12 | 12.4
Invocations    | 2 3 5 6 7 8 9 10 12 14 15 | 15.7
Maces & Flails | 5 8 10 11 | 11.9
Evocations     | 1 |  1.7
Stealth        | 1 2 3 4 5 6 |  6.3
Throwing       | 1 2 4 6 7 |  7.8
Unarmed Combat | |  0.2

Action                     |  1- 3 |  4- 6 |  7- 9 | 10-12 | 13-15 | 16-18 || total
---------------------------+-------+-------+-------+-------+-------+-------++-------
  Melee: War axe           |    59 |   197 |    93 |       |       |       ||   349
         Unarmed           |       |    16 |     2 |       |       |       ||    18
         Dire flail        |       |       |    86 |   565 |       |       ||   651
         Executioner's axe |       |       |       |    31 |   604 |   654 ||  1289
         Great mace        |       |       |       |       |       |    14 ||    14
  Throw: Javelin           |       |       |       |     1 |       |     1 ||     2
         Boomerang         |       |       |       |    22 |       |    86 ||   108
         Dart              |       |       |       |       |     2 |       ||     2
 Invoke: Heroism           |       |       |     1 |     3 |     2 |       ||     6
         Receive Weapon    |       |       |       |     1 |       |       ||     1
         Receive Armour    |       |       |       |     1 |       |       ||     1
         Depart the Abyss  |       |       |       |       |     1 |       ||     1
         Banish            |       |       |       |       |       |     3 ||     3
         Brand Weapon With |       |       |       |       |       |     1 ||     1
         Corrupt           |       |       |       |       |       |     1 ||     1
Ability: Dig               |       |       |       |       |       |     2 ||     2
  Evoke: Wand              |       |       |     5 |     6 |       |     6 ||    17
    Use: Scroll            |       |       |       |    18 |    12 |     4 ||    34
         Potion            |       |       |       |       |     5 |     2 ||     7
   Stab: Confused          |       |       |     1 |       |       |       ||     1
         Sleeping          |       |       |     1 |     3 |    25 |    14 ||    43
         Invisible         |       |       |       |     1 |       |     4 ||     5
         Petrified         |       |       |       |       |     2 |       ||     2
         Distracted        |       |       |       |       |     3 |     9 ||    12
 Armour: Scale mail        |    53 |    65 |       |       |       |       ||   118
         Chain mail        |       |    62 |    76 |       |       |       ||   138
         Skin              |       |     6 |     2 |       |       |       ||     8
         Swamp dragon scal |       |       |    29 |   274 |   250 |   223 ||   776
         Ring mail         |       |       |       |       |    77 |       ||    77
  Dodge: Dodged            |    38 |   146 |   109 |   447 |   377 |   214 ||  1331
  Block: Buckler           |    19 |    50 |    55 |   154 |   118 |       ||   396
         Kite shield       |       |       |       |       |   180 |    59 ||   239
         Tower shield      |       |       |       |       |       |   583 ||   583
